AoeStats
← ms0268062

Nomad

510252965Analyzed
4v4 RM · 20h ago on Sep 30, 2026· 7m 54s· 8 players
Game mode
Random Map
Map size
231×231
Population
200
Speed
Normal
Resources
Standard
Victory
Conquest
Starting age
Dark Age
Ending age
Imperial Age
RankedLock teamsTeams togetherTeam positionsShared explorationLock speedFull tech treeHidden civsTurbo modeCheats
Victory
Defeat
🇮🇩 Mongols · Indonesia
1157
+15
🇬🇧 Spanish · United Kingdom
1146
+15
🇹🇼 Magyars · Taiwan
1136
+16
🇨🇳 Inca · China
1111
+17
🇲🇽 Danes · Mexico
1213
-19
🇲🇽 Varangians · Mexico
1108
-15
🇦🇺 Poles · Australia
1105
-15
🇮🇳 Goths · India
1088
-14
VSPR | KAMUBOHONG­™
2:55 Loom
ms0268062
5:43 Loom
好邻居
3:52 Loom
[SKY] strider
4:37 Loom
nchan55
3:04 Loom
Jabba
4:40 Loom
ODIN
3:31 Loom
kama.Kroxa
3:29 Loom
Connection lost

Rejoining the realm…

Still unreachable

The connection could not be restored.

Session expired

The server has moved on; the page needs a fresh start.